 Dungeon Crawl Stone Soup version 0.25-a0-516-g7d600cd (webtiles) character file.

Game seed: 4676903548882482574, levelgen mode: deterministic

125 relicbr the Covert (level 4, -2/22 HPs)
             Began as a Spriggan Assassin on Feb 16, 2020.
             Slain by a gnoll
             ... wielding a +0 whip
              (6 damage)
             ... on level 3 of the Dungeon.
             The game lasted 00:08:40 (2553 turns).

relicbr the Covert (Spriggan Assassin)              Turns: 2553, Time: 00:08:41

Health: -2/22      AC:  3    Str:  7    XL:     4   Next: 82%
Magic:  5/5        EV: 17    Int: 12    God:
Gold:   108        SH:  0    Dex: 20    Spells: 3/3 levels left

rFire    . . .     SeeInvis +   a - +2 dagger
rCold    . . .     Gourm    .   (shield restricted)
rNeg     . . .     Faith    .   b - +0 robe
rPois    .         Spirit   .   (helmet restricted)
rElec    .         Reflect  .   c - +0 cloak
rCorr    .         Harm     .   (gloves unavailable)
MR       .....                  (boots unavailable)
Stlth    +++++.....             (no amulet)
HPRegen  0.07/turn              l - +2 ring of dexterity
MPRegen  0.09/turn              (no ring)

@: very quick
A: very small, unfitting armour, see invisible, herbivore, speed 3, slow
metabolism 2
a: no special abilities


You were on level 3 of the Dungeon.
You were not hungry.

You visited 1 branch of the dungeon, and saw 3 of its levels.

You collected 108 gold pieces.

Inventory:

Hand Weapons
 a - a +2 dagger (weapon)
Missiles
 d - 9 poisoned darts (quivered)
 e - 2 curare-tipped darts
Armour
 b - a +0 robe (worn)
 c - a +0 cloak (worn)
Jewellery
 l - a +2 ring of dexterity (left hand)
Scrolls
 g - 2 scrolls of fog {unknown}
 i - 2 scrolls of remove curse {unknown}
 j - 3 scrolls of identify {unknown}
Potions
 h - 2 potions of agility {unknown}
 k - a potion of flight {unknown}
 m - a potion of magic {unknown}
Comestibles
 f - 10 rations


   Skills:
 - Level 1.5 Fighting
 - Level 2.1 Short Blades
 - Level 2.0 Throwing
 - Level 1.5 Dodging
 * Level 9.5 Stealth


You had 3 spell levels left.
You didn't know any spells.
Your spell library was empty.

Dungeon Overview and Level Annotations

Branches:
Dungeon (3/15)

Altars:
Cheibriados


Innate Abilities, Weirdness & Mutations

You are very small and have problems with some larger weapons.
You are too small for most types of armour.
You have supernaturally acute eyesight. (SInv)
You are a herbivore.
You cover ground extremely quickly.
You need to consume almost no food.


Message History

Press: ? - help, Shift-Dir - straight line, f - gnoll
Aim: a gnoll, wielding a +0 whip (heavily wounded)
You throw a poisoned dart. The poisoned dart hits the gnoll.
The gnoll is poisoned.
The gnoll is heavily wounded.
Throwing (i - inventory. (/) - cycle)
d - 11 poisoned darts (quivered)
Press: ? - help, Shift-Dir - straight line, f/p - gnoll
Aim: a gnoll, wielding a +0 whip (heavily wounded, poisoned)
You throw a poisoned dart.
The poisoned dart barely misses the gnoll.
Throwing (i - inventory. (/) - cycle)
d - 10 poisoned darts (quivered)
Press: ? - help, Shift-Dir - straight line, f/p - gnoll
Aim: a gnoll, wielding a +0 whip (heavily wounded, poisoned)
You throw a poisoned dart.
The poisoned dart closely misses the gnoll.
You are too injured to fight recklessly!
You hit the gnoll.
The gnoll is severely wounded.
The gnoll hits you with a +0 whip.
You die...

######## #....### #......#
#######......# #......# #......#
g(g...#...†..# #....#.####......#
#####.#......# ##.###...##......#
#####.##.##.## #.##.....#......#
......#..##.#####.#....÷....[...#
......§........#..#.......##.####
...............#.##.......##.#
#####......#((.g@<........#(.#
##............##.........##
.........#....###.......<##
#.>>(..........###........#
#.........#.....###.......#
........####..##.....)....###
......... #..###.####.##..... ...
......#.###.....#... ..
##..#...............>


You could see a gnoll.

Vanquished Creatures
  2 gnolls
  3 adders (D:2)
  2 worms (D:3)
  A leopard gecko (D:1)
  6 orcs
  3 giant cockroaches
  9 goblins
  6 hobgoblins
  5 quokkas
  A ball python (D:3)
  6 bats
  2 frilled lizards
  9 kobolds
  6 rats
61 creatures vanquished.

Notes
Turn   | Place    | Note
-------+----------+-------------------------------------------
     0 | D:1      | relicbr the Spriggan Assassin began the quest for the Orb.
     0 | D:1      | Reached XP level 1. HP: 10/10 MP: 2/2
    99 | D:1      | Reached skill level 6 in Stealth
   258 | D:1      | Reached XP level 2. HP: 14/14 MP: 3/3
   269 | D:1      | You fall into a shaft and drop 1 floor!
   491 | D:1      | Reached skill level 7 in Stealth
   578 | D:1      | Reached XP level 3. HP: 11/18 MP: 4/4
  1045 | D:2      | Reached skill level 8 in Stealth
  1391 | D:2      | Reached XP level 4. HP: 22/22 MP: 5/5
  1748 | D:2      | Found a snail-covered altar of Cheibriados.
  1955 | D:3      | Reached skill level 9 in Stealth
  2553 | D:3      | Slain by a gnoll

Levels and vault maps discovered:
D:1:      lightli_arrival_lavapool, layout_loops_corners
D:2:      layout_basic, cheibriados_altar_1
D:3:      layout_rooms, tgw_xom, first_ration, chequers_jeans, minmay_circle_x

Skill      XL: |  1  2  3  4 |
---------------+-------------+-----
Stealth        | 6 7 8 9 |  9.5
Fighting       | |  1.5
Short Blades   | |  2.1
Throwing       | |  2.0
Dodging        | |  1.5

Action                   |  1- 3 |  4- 6 || total
-------------------------+-------+-------++-------
Melee: Dagger            |    91 |   109 ||   200
Throw: Dart              |    15 |    33 ||    48
 Stab: Sleeping          |    13 |     3 ||    16
       Distracted        |     1 |     1 ||     2
Armor: Robe              |     3 |    13 ||    16
Dodge: Dodged            |    51 |    97 ||   148

Table legend:
 A = Non-vault XP
 B = Vault XP
 C = Vault XP percentage of total XP
 D = Non-vault monster count
 E = Vault monster count
 F = Vault count percentage of total count
                 A         B        C        D         E       F
            +---------+---------+-------+---------+---------+-------
      Total |     165 |      14 |   7.8 |      56 |       5 |   8.2
            +---------+---------+-------+---------+---------+-------
        D:1 |      46 |       0 |   0.0 |      20 |       0 |   0.0
        D:2 |      86 |       2 |   2.3 |      27 |       1 |   3.6
        D:3 |      33 |      12 |  26.7 |       9 |       4 |  30.8
            +---------+---------+-------+---------+---------+-------
